 Dungeon Crawl Stone Soup version 0.31-a0-881-ge136f0c47a (webtiles) character file.

Game seed: 5257497753735273176

147 Kurtz the Sneak (level 5, -5/49 HPs)
             Began as a Naga Delver on Oct 15, 2023.
             Was an Initiate of Gozag.
             Slain by a gnoll
             ... wielding a +0 halberd
              (12 damage)
             ... on level 3 of the Dungeon.
             The game lasted 00:04:25 (2697 turns).

Kurtz the Sneak (Naga Delver)                       Turns: 2697, Time: 00:04:26

Health: -5/49      AC:  5    Str: 16    XL:     5   Next: 29%
Magic:  5/5        EV:  5    Int: 11    God:    Gozag
Gold:   205        SH:  5    Dex: 12    Spells: 4/4 levels left

rFire   + . .        n - +0 hand axe (freeze)
rCold   + . .        o - +1 buckler {rC+ rF+}
rNeg    . . .        k - +0 chain mail
rPois   +            (no helmet)
rElec   .            (no cloak)
rCorr   .            (no gloves)
SInv    +            (no barding)
Will    .....        (no amulet)
Stlth   +            (no ring)
HPRegen 0.28/turn    (no ring)
MPRegen 0.09/turn

%: no passive effects
@: hasted, quick
A: AC +1, large, see invisible, deformed body, poison resistance, slowness 2,
spit poison 1, naga tail 1
a: Spit Poison, Renounce Religion, Potion Petition, Call Merchant, Bribe Branch


You were on level 3 of the Dungeon.
You worshipped Gozag.
Gozag was aware of your devotion.
You visited 1 branch of the dungeon, and saw 5 of its levels.

You collected 265 gold pieces.
You paid 60 gold pieces to Gozag.

Inventory:

Hand Weapons
 a - a +0 hand axe
 n - a +0 hand axe of freezing (weapon)
 u - a +0 war axe
Missiles
 s - 5 javelins
Armour
 b - a +0 leather armour
 k - a +0 chain mail (worn)
 m - the +0 robe "Zittun" {rN+}
   (You found it on level 3 of the Dungeon)

   rN+:       It protects you from negative energy.
 o - a +1 buckler of resistance (worn)
Jewellery
 p - a ring of protection from fire
Wands
 g - a wand of digging (3)
Scrolls
 c - 3 scrolls of fog
 d - a scroll of revelation
 e - a scroll of fear
 i - 2 scrolls of identify {unknown}
 w - a scroll of teleportation {unknown}
Potions
 h - a potion of heal wounds {unknown}
 j - a potion of lignification {unknown}
 q - a potion of brilliance {unknown}
 r - a potion of attraction {unknown}
 t - a potion of invisibility {unknown}
 v - a potion of resistance {unknown}


   Skills:
 - Level 3.0 Fighting
 * Level 5.1 Axes
 - Level 1.5 Dodging
 - Level 7.2 Stealth
 * Level 1.0 Shields


You had 4 spell levels left.
You didn't know any spells.
Your spell library was empty.

Dungeon Overview and Level Annotations

Branches:
Dungeon (5/15)
 Temple: D:4-7

Altars:
Gozag

Annotations:
D:3 exclusion: downstairs


Innate Abilities, Weirdness & Mutations

Your serpentine skin is tough. (AC +1)
You have supernaturally acute eyesight. (SInv)
Armour fits poorly on your strangely shaped body.
Your system is resistant to poisons. (rPois)
You cover ground very slowly.
You can spit poison.
You have a snake-like lower body.


Message History

The gnoll hits you with a +0 whip! The gnoll attacks as it pursues you!
The gnoll hits you with a +0 whip.
Aiming: Spit Poison (1% risk of failure)
Press: ? - help, Shift-Dir - straight line, f - gnoll
Aim: a gnoll, wielding a +0 halberd (65% to hit)
The splash of poison hits the gnoll!
The gnoll is poisoned.
You kill the gnoll!
Your Axes skill increases to level 5!
Your Shields skill increases to level 1!
Unknown command.
Throw: throwing net
Press: ? - help, Q - select action, (/) - cycle Shift-Dir - straight line, f/p - gnoll
Aim: a gnoll, wielding a +0 halberd (58% to hit)
You throw a throwing net. The throwing net hits the gnoll.
The gnoll is caught in the net!
The gnoll struggles against the net.
The gnoll barely misses you.
You hit the gnoll. You freeze the gnoll.
The gnoll is moderately wounded.
The gnoll struggles against the net.
You block the gnoll's attack.
You hit the gnoll. You freeze the gnoll.
The gnoll is severely wounded.
The gnoll struggles against the net.
The gnoll barely misses you.
You slash the gnoll! You freeze the gnoll.
You kill the gnoll!
The gnoll hits you from afar with a +0 halberd!
You have got your breath back.
The gnoll hits you with a +0 halberd! The gnoll barely misses you.
Items here: $ ( )).
You barely miss the gnoll. The gnoll barely misses you.
You hit the gnoll. You freeze the gnoll.
The gnoll is moderately wounded.
The gnoll hits you with a +0 halberd!
* * * LOW HITPOINT WARNING * * *
You closely miss the gnoll.
The gnoll is moderately wounded.
You block the gnoll's attack.
Unknown command.
You feel yourself speed up. The gnoll hits you with a +0 halberd!
You die...
Your body crumbles into a pile of gold.

#######
####.....#
#....###@#
#.#### ♣g♣
#.# ♣.♣ #.#
..) #.#
♣...♣ #.#
.....
#######.#
♣)..♣.♣
#(....<.#
..♣....
###.......#
........)


You could see a gnoll.

Vanquished Creatures
  A jelly (D:5)
  An orc wizard (D:2)
  2 gnolls (D:3)
  4 worms
  3 orcs
  4 ball pythons
  3 bats
  7 endoplasms
  3 goblins
  8 hobgoblins
  8 jackals
  A quokka (D:3)
  3 frilled lizards
  4 kobolds
  3 rats
55 creatures vanquished.

Notes
Turn   | Place    | Note
-------+----------+-------------------------------------------
     0 | D:5      | Kurtz the Naga Delver began the quest for the Orb.
     0 | D:5      | Reached XP level 1. HP: 21/21 MP: 1/1
    90 | D:5      | Noticed a jelly
    98 | D:5      | Killed a jelly
    99 | D:5      | Reached XP level 2. HP: 6/28 MP: 2/2
    99 | D:5      | Reached XP level 3. HP: 8/34 MP: 3/3
   230 | D:4      | Noticed an ogre
   518 | D:3      | Identified the +0 robe "Zittun" {rN+}
   585 | D:2      | Found an opulent altar of Gozag.
   747 | D:1      | Reached XP level 4. HP: 42/42 MP: 4/4
  1163 | D:2      | Became a worshipper of Gozag Ym Sagoz the Greedy
  2171 | D:2      | Reached XP level 5. HP: 31/49 MP: 5/5
  2689 | D:3      | Reached skill level 5 in Axes
  2689 | D:3      | Reached skill level 1 in Shields
  2697 | D:3      | Slain by a gnoll

Illustrated notes

Levels and vault maps discovered:
D:1:      minmay_arrival_checkered_box, layout_loops_ring, feat_on_display
D:2:      layout_loops_ring, basic_altar, dk_noncrumbling_3
D:3:      layout_rooms, pf_guarded_unrand_woodcutter
D:4:      layout_loops_ring, mainiacjoe_overflow_paths, kennysheep_mini_moat,
          minmay_temple_entry_proselytizer
D:5:      layout_basic, nicolae_ru_awakened_eye, uniq_duvessa, uniq_menkaure

Skill      XL: |  1  2  3  4  5 |
---------------+----------------+-----
Axes           | 3 4 5 |  5.1
Shields        | 1 |  1.0
Fighting       | |  3.0
Dodging        | |  1.5
Stealth        | |  7.2

Action                     |  1- 3 |  4- 6 || total
---------------------------+-------+-------++-------
  Melee: Hand axe          |    54 |   105 ||   159
  Throw: Throwing net      |       |     1 ||     1
Ability: Spit Poison       |       |     2 ||     2
    Use: Potion            |       |     1 ||     1
   Stab: Sleeping          |     2 |       ||     2
 Armour: Leather armour    |    19 |       ||    19
         Chain mail        |    18 |    76 ||    94
  Dodge: Dodged            |    31 |    28 ||    59
  Block: Buckler           |     5 |    26 ||    31

Table legend: (Time is in decaauts)
 A = Elapsed time spent in this place.
 B = Non-inter-level travel time spent in this place.
 C = Inter-level travel time spent in this place.
 D = Time resting spent in this place.
 E = Time spent auto-exploring this place.
 F = Levels seen in this place.
 G = Mean time per level.
                   A        B        C        D        E       F      G
               +--------+--------+--------+--------+--------+-----+--------+
         Total |   3482 |   3140 |    342 |    362 |   2015 |   5 |  696.4 |
       Dungeon |   3482 |   3140 |    342 |    362 |   2015 |   5 |  696.4 |
               +--------+--------+--------+--------+--------+-----+--------+

Top non-repeatable levels by time:
     D:1: 1228 daAuts
     D:2: 1045 daAuts
     D:3: 930 daAuts
     D:5: 250 daAuts
     D:4: 28 daAuts
